 Dungeon Crawl Stone Soup version 0.22.0 (webtiles) character file.

232 BigChef the Slasher (level 5, 0/37 HPs)
             Began as a Demonspawn Chaos Knight on Sept 3, 2018.
             Killed by divine providence
             ... invoked by an orc priest
              (16 damage)
             ... on level 3 of the Dungeon.
             The game lasted 00:04:13 (1750 turns).

BigChef the Slasher (Demonspawn Chaos Knight)       Turns: 1750, Time: 00:04:14

Health: 0/37       AC:  6    Str: 13    XL:     5   Next: 73%
Magic:  4/5        EV: 11    Int: 16    God:    Xom [.*....]
Gold:   104        SH:  0    Dex: 12    Spells: 4/4 levels left

rFire    + . .     SeeInvis .   a - +0 falchion (chaos)
rCold    . . .     Gourm    .   (no shield)
rNeg     . . .     Faith    .   b - +2 leather armour
rPois    .         Spirit   .   g - +0 helmet
rElec    .         Reflect  .   (no cloak)
rCorr    .         Harm     .   (no gloves)
MR       .....                  (no boots)
Stlth    ++++......             (no amulet)
HPRegen  0.12/turn              (no ring)
MPRegen  0.09/turn              (no ring)

@: no status effects
A: yellow scales 1, clever 1, deformed body, fire resistance 1, frail 1,
nightstalker 2
a: Renounce Religion


You were on level 3 of the Dungeon.
You worshipped Xom.
You were a plaything of Xom.
You were not hungry.

You visited 1 branch of the dungeon, and saw 3 of its levels.

You collected 104 gold pieces.

Inventory:

Hand Weapons
 a - a +0 falchion of chaos (weapon)
Armour
 b - a +2 leather armour (worn)
 g - a +0 helmet (worn)
Scrolls
 h - 3 scrolls of identify {unknown}
 j - a scroll of fear {unknown}
 k - a scroll of enchant armour {unknown}
Potions
 f - 2 potions of degeneration
Comestibles
 c - 7 rations


   Skills:
 + Level 3.8 Fighting
 + Level 4.6 Long Blades
 + Level 2.3 Armour
 + Level 1.6 Dodging
 + Level 1.6 Stealth


You had 4 spell levels left.
You didn't know any spells.
Your spell library was empty.

Dungeon Overview and Level Annotations

Branches:
Dungeon (3/15)

Altars:
Elyvilon
Okawaru
Xom


Innate Abilities, Weirdness & Mutations

You are partially covered in yellow scales. (AC +2)
You are significantly more attuned to the shadows.
Your mind is acute. (Int +2)
Armour fits poorly on your strangely shaped body.
Your flesh is heat resistant. (rF+)
You are frail. (-10% HP)


Message History

Things that are here:
a robe; a potion of lignification; the human corpse of Jessica An orc priest comes into view.
It is wielding a club.
The orc priest shouts!
You hear a shout! x2
An orc comes into view. It is wielding an antimagic war axe.
An orc comes into view.
The orc priest hits you with a club.
You closely miss the orc priest.
The orc priest hits you but does no damage.
You closely miss the orc priest.
The orc hits you with an antimagic war axe.
You feel your power leaking away.
The orc priest miscasts a cantrip.
You are too injured to fight recklessly!
You are too injured to fight recklessly!
A rat comes into view.
The orc priest invokes the aid of Beogh against you.
Beogh smites you!
You die...
Xom thinks this is hilarious!

#....#.. ...#.####
#....######..#....#
#............####.#######
#..................[.[)).
#.......o#o.......#####).
#........oo..o....##.....
#####.##.###......##.##..
.......(..##.#.## #..
###.##@######.#... ... ..
#.# ..#.... ... . ... ...
... . ##.## . #.# #.r


You could see an orc priest, an orc and a rat (wandering).

Vanquished Creatures
  A hound (D:2)
  Jessica (D:3)
  Robin (D:2)
  A river rat (D:3)
  5 adders
  2 oozes
  A worm (D:1)
  3 dart slugs (D:1)
  A leopard gecko (D:3)
  8 orcs (D:3)
  A bat (shapeshifter) (D:3)
  5 giant cockroaches
  14 goblins
  8 hobgoblins
  3 jackals (D:2)
  A quokka (D:2)
  A ball python (D:1)
  8 bats
  4 frilled lizards
  9 kobolds
  8 rats
86 creatures vanquished.

Vanquished Creatures (others)
  A bat (D:2)
1 creature vanquished.

Grand Total: 87 creatures vanquished

Notes
Turn   | Place    | Note
-------+----------+-------------------------------------------
     0 | D:1      | BigChef the Demonspawn Chaos Knight began the quest for the Orb.
     0 | D:1      | Reached XP level 1. HP: 18/18 MP: 1/1
    19 | D:1      | Reached skill level 3 in Long Blades
    35 | D:1      | Reached skill level 1 in Dodging
    61 | D:1      | Gained mutation: You are partially covered in yellow scales. (AC +2) [demonic ancestry]
    61 | D:1      | Reached XP level 2. HP: 23/24 MP: 2/2
   176 | D:1      | Found an iron altar of Okawaru.
   320 | D:1      | Gained mutation: You are slightly more attuned to the shadows. [demonic ancestry]
   320 | D:1      | Reached XP level 3. HP: 29/29 MP: 3/3
   361 | D:1      | XOM: harmless Pois miscast
   466 | D:1      | XOM: harmless Conj miscast
   544 | D:1      | Gained mutation: Your flesh is heat resistant. (rF+) [potion of mutation]
   544 | D:1      | Gained mutation: Your mind is acute. (Int +2) [potion of mutation]
   696 | D:2      | Gained mutation: You are significantly more attuned to the shadows. [demonic ancestry]
   696 | D:2      | Reached XP level 4. HP: 29/35 MP: 4/4
   816 | D:2      | Found a white marble altar of Elyvilon.
   829 | D:2      | Reached skill level 4 in Long Blades
   868 | D:2      | Reached skill level 1 in Stealth
   871 | D:2      | Noticed Robin
   882 | D:2      | Killed Robin
   886 | D:2      | XOM: divination: detect creatures
   907 | D:2      | XOM: divination: detect items
  1058 | D:2      | XOM: silly message
  1150 | D:2      | Reached XP level 5. HP: 41/41 MP: 5/5
  1425 | D:3      | Found a shimmering altar of Xom.
  1620 | D:3      | XOM: 1-stop teleportation journey
  1621 | D:3      | Noticed Jessica
  1653 | D:3      | XOM: give mutations
  1653 | D:3      | Gained mutation: You are frail. (-10% HP) [Xom's mischief]
  1653 | D:3      | Gained mutation: Armour fits poorly on your strangely shaped body. [Xom's mischief]
  1665 | D:3      | XOM: butterfly on damage
  1669 | D:3      | Killed Jessica
  1750 | D:3      | Killed from afar by an orc priest

Skill      XL: |  1  2  3  4 |
---------------+-------------+-----
Long Blades    | 3 4 |  4.6
Dodging        | 1 |  1.6
Armour         | 2 |  2.3
Stealth        | 1 |  1.6
Fighting       | |  3.8

Action                   |  1- 3 |  4- 6 || total
-------------------------+-------+-------++-------
Melee: Falchion          |    68 |   186 ||   254
  Use: Potion            |     4 |     3 ||     7
       Scroll            |     2 |       ||     2
 Stab: Sleeping          |     2 |     6 ||     8
       Paralysed         |     1 |     2 ||     3
       Petrifying        |     1 |       ||     1
  Eat: Ration            |       |     1 ||     1
Armor: Leather armour    |    35 |    75 ||   110
Dodge: Dodged            |    59 |    95 ||   154
       Rpst.: Falchion   |    16 |    34 ||    50
